 Dungeon Crawl Stone Soup version 0.30-a0-743-gbfdf073431 (webtiles) character file.

Game seed: 13675595812818418727

170 jimonade the Shooter (level 5, -5/39 HPs)
             Began as a Formicid Hunter on Feb 6, 2023.
             Slain by an ogre
             ... wielding a +0 giant spiked club
              (19 damage)
             ... on level 4 of the Dungeon.
             The game lasted 00:03:17 (2149 turns).

jimonade the Shooter (Formicid Hunter)              Turns: 2149, Time: 00:03:17

Health: -5/39      AC: 19    Str: 15    XL:     5   Next: 80%
Magic:  14/14      EV:  7    Int: 11    God:
Gold:   123        SH:  0    Dex: 17    Spells: 4/4 levels left

rFire   + . .      SeeInvis +    a - +0 shortbow
rCold   . . .      Faith    .    (no shield)
rNeg    . . .      Spirit   .    o - +10 chain mail "Gauc" {Regen+}
rPois   .          Reflect  .    (helmet unavailable)
rElec   .          Harm     .    (no cloak)
rCorr   .          Rampage  .    l - +0 pair of gloves
Will    .....                    (no boots) Stlth
                                 (no amulet)
HPRegen 1.06/turn                g - ring of protection from fire
MPRegen 0.14/turn                m - ring of magical power

@: no status effects
A: permanent stasis, dig shafts and tunnels, antennae 3, four strong arms
a: Dig, Shaft Self


You were on level 4 of the Dungeon.
You visited 1 branch of the dungeon, and saw 4 of its levels.

You collected 123 gold pieces.

Inventory:

Hand Weapons
 a - a +0 shortbow (weapon)
 j - a +0 sling
Missiles
 k - 15 poisoned darts
Armour
 c - a +0 leather armour
 f - a +0 chain mail
 l - a +0 pair of gloves (worn)
 o - the +10 chain mail "Gauc" (worn) {Regen+}
   (You found it on level 2 of the Dungeon)

   Regen:     It increases your rate of health regeneration.
Jewellery
 d - an amulet of faith
 g - a ring of protection from fire (left hand)
 m - a ring of magical power (right hand)
Scrolls
 b - a scroll of immolation
 e - a scroll of noise {unknown}
 h - 2 scrolls of amnesia {unknown}
 i - a scroll of vulnerability {unknown}
 n - 3 scrolls of teleportation {unknown}
 p - a scroll of magic mapping {unknown}
 q - a scroll of enchant armour {unknown}
 r - a scroll of blinking {unknown}
 u - a scroll of fog {unknown}
Potions
 s - 3 potions of curing {unknown}
 t - a potion of heal wounds {unknown}


   Skills:
 + Level 2.6 Fighting
 * Level 6.1 Ranged Weapons
 + Level 1.2 Armour
 + Level 2.1 Dodging
 + Level 1.2 Stealth


You had 4 spell levels left.
You didn't know any spells.
Your spell library was empty.

Dungeon Overview and Level Annotations

Branches:
Dungeon (4/15)
 Temple: D:4-7

Altars:
Xom


Innate Abilities, Weirdness & Mutations

You cannot be hasted, slowed, berserked, paralysed or teleported.
You can dig through walls and to a lower floor.
You have a pair of large antennae on your head. (SInv)
Your four strong arms can wield two-handed weapons with a shield.


Message History

You kill the goblin!
No target in view!
No target in view!
An ogre comes into view. It is wielding a +0 giant spiked club.
You see here a +0 club.
You shoot an arrow. The arrow barely misses the ogre.
You shoot an arrow. The arrow hits the ogre.
The ogre is lightly wounded.
You shoot an arrow. The arrow barely misses the ogre.
You shoot an arrow. The arrow hits the ogre.
The ogre is lightly wounded.
You shoot an arrow. The arrow hits the ogre!
The ogre is heavily wounded.
The ogre barely misses you.
The ogre hits you with a +0 giant spiked club!
You shoot an arrow. The arrow barely misses the ogre.
The ogre barely misses you.
You shoot an arrow. The arrow closely misses the ogre.
The ogre hits you but does no damage.
You shoot an arrow. The arrow hits the ogre.
The ogre is heavily wounded.
The ogre barely misses you.
You shoot an arrow. The arrow barely misses the ogre.
The ogre hits you with a +0 giant spiked club!
You shoot an arrow. The arrow hits the ogre.
The ogre is heavily wounded.
The ogre closely misses you.
You shoot an arrow.
The arrow hits the ogre but does no damage.
The ogre is heavily wounded.
The ogre hits you with a +0 giant spiked club!
You are too injured to fight recklessly!
You are too injured to fight recklessly!
You are too injured to fight recklessly!
Fire: a) +0 shortbow
Press: ? - help, Q - select action, (/) - cycle Shift-Dir - straight line, f/p - ogre
Aim: an ogre, wielding a +0 giant spiked club (heavily wounded, 77% to hit)
You shoot an arrow. The arrow barely misses the ogre.
The ogre hits you with a +0 giant spiked club!!
You die...

#.# #.#
#.# #.#
#.# #.# #
#O###..##.
#<@.......
#.####.##.
#.# #.#
... #.#
#.# #.#


You could see an ogre.

Vanquished Creatures
  A howler monkey (D:4)
  4 gnolls (D:2)
  3 adders
  3 dart slugs (D:1)
  6 endoplasms
  2 giant cockroaches
  2 goblins
  2 hobgoblins
  9 jackals
  6 kobolds
  3 quokkas
  5 ball pythons
  7 bats
  A frilled lizard (D:1)
  5 rats
59 creatures vanquished.

Notes
Turn   | Place    | Note
-------+----------+-------------------------------------------
     0 | D:1      | jimonade the Formicid Hunter began the quest for the Orb.
     0 | D:1      | Reached XP level 1. HP: 16/16 MP: 1/1
   189 | D:1      | Reached XP level 2. HP: 22/22 MP: 2/2
   556 | D:1      | Reached XP level 3. HP: 27/27 MP: 3/3
   958 | D:2      | Reached skill level 5 in Ranged Weapons
  1015 | D:2      | Reached XP level 4. HP: 25/34 MP: 4/4
  1346 | D:2      | Reached XP level 5. HP: 33/39 MP: 5/5
  1512 | D:2      | Identified the +10 chain mail "Gauc" {Regen+}
  1795 | D:2      | Found a faded altar of an unknown god.
  1838 | D:3      | Found a shimmering altar of Xom.
  2038 | D:3      | Reached skill level 1 in Armour
  2135 | D:4      | Reached skill level 6 in Ranged Weapons
  2137 | D:4      | Noticed an ogre
  2149 | D:4      | Slain by an ogre

Illustrated notes

Levels and vault maps discovered:
D:1:      saegor_arrival_simple_e, layout_loops_corners
D:2:      layout_loops_ring, dilly_ecumenical_altar_fadedgnrine
D:3:      layout_basic, mainiacjoe_overflow_boulevard,
          mainiacjoe_overflow_surrounded_room
D:4:      layout_basic, lemuel_coloured_pillars_altar, serial_forest,
          infiniplex_forest_end_1, infiniplex_forest_lined_3_way,
          infiniplex_forest_clump_medium, infiniplex_forest_straight_2,
          infiniplex_forest_end_double, infiniplex_forest_clump_cross

Skill      XL: |  1  2  3  4  5 |
---------------+----------------+-----
Ranged Weapons | 5 6 |  6.1
Dodging        | 2 |  2.1
Armour         | 1 |  1.2
Fighting       | |  2.6
Stealth        | |  1.2

Action                     |  1- 3 |  4- 6 || total
---------------------------+-------+-------++-------
   Fire: Shortbow          |    84 |   125 ||   209
Ability: Dig               |     3 |       ||     3
 Armour: Leather armour    |    11 |     9 ||    20
         Chain mail        |       |    33 ||    33
  Dodge: Dodged            |    32 |    46 ||    78

Table legend: (Time is in decaauts)
 A = Elapsed time spent in this place.
 B = Non-inter-level travel time spent in this place.
 C = Inter-level travel time spent in this place.
 D = Time resting spent in this place.
 E = Time spent auto-exploring this place.
 F = Levels seen in this place.
 G = Mean time per level.
                   A        B        C        D        E       F      G
               +--------+--------+--------+--------+--------+-----+--------+
         Total |   2229 |   2130 |     99 |    102 |   1564 |   4 |  557.2 |
       Dungeon |   2229 |   2130 |     99 |    102 |   1564 |   4 |  557.2 |
               +--------+--------+--------+--------+--------+-----+--------+

Top non-repeatable levels by time:
     D:1: 1047 daAuts
     D:2: 836 daAuts
     D:3: 315 daAuts
     D:4: 30 daAuts
